 Dungeon Crawl Stone Soup version 0.28.0 (webtiles) character file.

Game seed: 14170683866727026096

38 pkoi the Chopper (level 3, -1/31 HPs)
             Began as a Minotaur Gladiator on Feb 10, 2022.
             Slain by an adder (2 damage)
             ... on level 2 of the Dungeon.
             The game lasted 00:00:54 (854 turns).

pkoi the Chopper (Minotaur Gladiator)                Turns: 854, Time: 00:00:55

Health: -1/31      AC:  9    Str: 20    XL:     3   Next: 25%
Magic:  2/2        EV:  8    Int:  5    God:
Gold:   49         SH:  0    Dex: 13    Spells: 2/2 levels left

rFire   . . .      SeeInvis .   a - +0 war axe
rCold   . . .      Faith    .   (no shield)
rNeg    . . .      Spirit   .   i - +0 chain mail
rPois   .          Reflect  .   (helmet unavailable)
rElec   .          Harm     .   (no cloak)
rCorr   .          Rampage  .   (no gloves)
Will    .....                   b - +0 pair of boots
Stlth   ..........              (no amulet)
HPRegen 0.10/turn               (no ring)
MPRegen 0.08/turn               (no ring)

@: lethally poisoned (-1 -> -5)
A: horns 3, retaliatory headbutt, talons 1, agile 1
a: no special abilities


You were on level 2 of the Dungeon.
You visited 1 branch of the dungeon, and saw 2 of its levels.

You collected 49 gold pieces.

Inventory:

Hand Weapons
 a - a +0 war axe (weapon)
Missiles
 d - 3 throwing nets (quivered)
Armour
 b - a +0 pair of boots (worn)
 c - a +0 hat
 i - a +0 chain mail (worn)
Scrolls
 e - a scroll of enchant armour {unknown}
 g - 3 scrolls of identify {unknown}
Potions
 h - 2 potions of heal wounds {unknown}
 j - a potion of curing {unknown}


   Skills:
 + Level 3.0 Fighting
 * Level 4.5 Axes
 - Level 2.0 Throwing
 + Level 1.7 Armour
 - Level 3.2 Dodging


You had 2 spell levels left.
You didn't know any spells.
Your spell library was empty.

Dungeon Overview and Level Annotations

Branches:
Dungeon (2/15)

Altars:


Innate Abilities, Weirdness & Mutations

You have a pair of large horns on your head.
You reflexively headbutt those who attack you in melee.
You have sharp toenails.
You are agile. (Dex +2)


Message History

The adder bites you.
* * * LOW HITPOINT WARNING * * *
Unknown command.
You barely miss the adder. You headbutt the adder.
The adder is moderately wounded.
You feel sick. The adder bites you.
* * * LOW HITPOINT WARNING * * *
You are more poisoned.
The adder poisons you! The adder bites you.
* * * LOW HITPOINT WARNING * * *
You closely miss the adder.
The adder is moderately wounded.
You feel sick. The adder bites you but does no damage.
You closely miss the adder.
The adder is moderately wounded.
You feel sick. The adder bites you.
* * * LOW HITPOINT WARNING * * *
The adder bites you.
* * * LOW HITPOINT WARNING * * *
You are lethally poisoned!
The adder poisons you!
You barely miss the adder.
The adder is moderately wounded.
* * * LOW HITPOINT WARNING * * *
You feel very sick. The adder bites you but does no damage.
The adder barely misses you.
Unknown command.
You barely miss the adder.
The adder is moderately wounded.
* * * LOW HITPOINT WARNING * * *
You feel very sick. The adder bites you but does no damage.
Unknown command.
It was a potion of mutation.
You feel extremely strange. The horns on your head grow some more.
Your +0 hat falls away!
You feel agile.
Your toenails lengthen and sharpen.
* * * LOW HITPOINT WARNING * * *
You feel sick. The adder bites you but does no damage. The adder bites you.
You die...

..### ...............
....# #.............
.##..######....<#.......
.# #..##>......# .......
.####..........##.......
.#.....)...<....#.......
...#####................
....................$...
.......#........@S.##.).
..######........#†......
.... #.........[......
...>. .........#.###...
...... ..######...# ..
...... ..... . .... ##
.# ... ..


You could see an adder.

Vanquished Creatures
  A worm (D:2)
  3 ball pythons
  3 bats (D:1)
  A giant cockroach (D:1)
  A goblin (D:1)
  A hobgoblin (D:2)
  14 jackals (D:1)
  A quokka (D:1)
  2 kobolds
  2 rats
29 creatures vanquished.

Vanquished Creatures (others)
  A fungus (D:1)
  2 plants (D:1)
3 creatures vanquished.

Grand Total: 32 creatures vanquished

Notes
Turn   | Place    | Note
-------+----------+-------------------------------------------
     0 | D:1      | pkoi the Minotaur Gladiator began the quest for the Orb.
     0 | D:1      | Reached XP level 1. HP: 18/18 MP: 0/0
    94 | D:1      | Found a faded altar of an unknown god.
    97 | D:1      | Reached skill level 4 in Axes
   101 | D:1      | Reached skill level 1 in Armour
   101 | D:1      | Reached XP level 2. HP: 21/25 MP: 1/1
   469 | D:1      | Reached XP level 3. HP: 17/31 MP: 2/2
   854 | D:2      | Gained mutation: You have a pair of large horns on your
                  | head. [potion of mutation]
   854 | D:2      | Gained mutation: You are agile. (Dex +2) [potion of
                  | mutation]
   854 | D:2      | Gained mutation: You have sharp toenails. [potion of
                  | mutation]
   854 | D:2      | HP: 1/31 [poisoned by an adder]
   854 | D:2      | Slain by an adder

Illustrated notes

Levels and vault maps discovered:
D:1:      lordsloth_arrival_two_stooges, layout_basic,
          dreamdust_ecumenical_altar_grove, minmay_statues_item
D:2:      layout_rooms

Skill      XL: |  1  2 |
---------------+-------+-----
Axes           | 4 |  4.5
Armour         | 1 |  1.7
Fighting       | 3 |  3.0
Throwing       | |  2.0
Dodging        | |  3.2

Action                   || total
-------------------------++-------
Melee: War axe           ||    53
       Headbutt          ||     6
  Use: Potion            ||     1
Armor: Leather armour    ||    16
       Chain mail        ||    12
Dodge: Dodged            ||    40
